 Dungeon Crawl Stone Soup version 0.26.0-16-gc1dbca0489 (webtiles) character file.

Game seed: 10042754438126643393

18312 zcampers the Cleaver (level 12, -9/184 HPs)
             Began as a Minotaur Berserker on Jan 22, 2021.
             Was a High Priest of Trog.
             Mangled by a 12-headed hydra (11 damage)
             ... on level 2 of the Lair of Beasts.
             The game lasted 00:21:05 (13143 turns).

zcampers the Cleaver (Minotaur Berserker)          Turns: 13143, Time: 00:21:05

Health: -9/184     AC: 21    Str: 21    XL:     12   Next: 26%
Magic:  11/11      EV: 15    Int: 15    God:    Trog [*****.]
Gold:   464        SH:  0    Dex: 11    Spells: 11/11 levels left

rFire    . . .     SeeInvis .   B - +9 battleaxe of Doom {vorpal, *Drain Str-4 Int+8 Stlth+}
rCold    + . .     Faith    +   (shield currently unavailable)
rNeg     . . .     Spirit   .   o - +2 chain mail {rC+}
rPois    .         Reflect  .   (helmet restricted)
rElec    .         Harm     .   h - +1 cloak {Will+}
rCorr    +         Rampage  .   m - +0 pair of gloves
Will     +....                  u - +2 pair of boots
Stlth    ..........             d - amulet of faith
HPRegen  0.40/turn              n - ring of resist corrosion
MPRegen  0.12/turn              q - +4 ring of slaying

@: berserking, very quick
A: retaliatory headbutt, horns 2, repulsion field 1, robust 1, strong 1
a: Renounce Religion, Berserk, Trog's Hand, Brothers in Arms


You were on level 2 of the Lair of Beasts.
You worshipped Trog.
Trog was extremely pleased with you.
You visited 2 branches of the dungeon, and saw 12 of its levels.

You collected 750 gold pieces.
You spent 286 gold pieces at shops.

Inventory:

Hand Weapons
 k - a +2 dire flail of protection
 B - the +9 battleaxe of Doom (weapon) {vorpal, *Drain Str-4 Int+8 Stlth+}
   (Trog gifted it to you on level 10 of the Dungeon)

   It inflicts extra damage upon your enemies.
   It affects your strength (-4).
   It affects your intelligence (+8).
   It causes draining when unequipped.
   It makes you more stealthy.
Missiles
 C - 16 boomerangs (quivered)
Armour
 h - a +1 cloak of willpower (worn)
 m - a +0 pair of gloves (worn)
 o - a +2 chain mail of cold resistance (worn)
 u - a +2 pair of boots (worn)
Jewellery
 d - an amulet of faith (around neck)
 n - a ring of resist corrosion (left hand)
 p - an uncursed ring of willpower
 q - a +4 ring of slaying (right hand)
 G - an uncursed ring of protection from cold
Wands
 i - a wand of disintegration (7)
 l - a wand of enslavement (20)
 v - a wand of polymorph (9)
 y - a wand of digging (7)
 D - a wand of random effects (17)
 H - a wand of acid (6)
Scrolls
 a - 2 scrolls of magic mapping
 b - 3 scrolls of teleportation
 e - 6 scrolls of identify
 f - 3 scrolls of enchant armour
 g - a scroll of immolation
 j - 2 scrolls of blinking
 r - 8 scrolls of remove curse
 s - 3 scrolls of fog
 w - 3 scrolls of fear
Potions
 c - 4 potions of curing
 t - 2 potions of heal wounds
 x - 2 potions of attraction
 z - a potion of cancellation {unknown}
 A - a potion of might
 E - 2 potions of flight {unknown}
 F - a potion of resistance


   Skills:
 + Level 12.2 Fighting
 + Level 12.3(12.4) Axes
 - Level 0.2(8.0) Maces & Flails
 - Level 2.4(8.4) Polearms
 + Level 12.0 Armour
 + Level 11.1 Dodging
 - Level 4.0 Shields


You had 11 spell levels left.
You didn't know any spells.
Your spell library was empty.

Dungeon Overview and Level Annotations

Branches:
Dungeon (10/15)            Temple (0/1) D:4            Lair (2/6) D:9
  Snake (0/4) Lair:2
  Swamp: Lair:2-4    Shoals: Lair:2-4       Orc: D:9-12

Altars:
Cheibriados
Elyvilon
Nemelex Xobeh
Okawaru
Qazlal
Sif Muna
Trog
Uskayaw
Vehumet
Wu Jian
Xom
Yredelemnul

Shops:
D:7 }   D:8 [


Innate Abilities, Weirdness & Mutations

You reflexively headbutt those who attack you in melee.
You have a pair of horns on your head.
You are surrounded by a mild repulsion field. (EV +2)
You are robust. (+10% HP)
Your muscles are strong. (Str +2)


Message History

The 11-headed hydra bites you but does no damage.
The 11-headed hydra bites you.
* * * LOW HITPOINT WARNING * * *
The 11-headed hydra bites you but does no damage.
You chop one of the 11-headed hydra's heads off!
The ten-headed hydra grows two more!
You slice the 12-headed hydra!!
The 12-headed hydra is heavily wounded.
The 12-headed hydra closely misses you. The 12-headed hydra misses you.
The 12-headed hydra barely misses you. The 12-headed hydra bites you.
* * * LOW HITPOINT WARNING * * *
The 12-headed hydra barely misses you. x2; The 12-headed hydra misses you.
The 12-headed hydra bites you but does no damage.
The 12-headed hydra bites you.
* * * LOW HITPOINT WARNING * * *
The 12-headed hydra barely misses you. The 12-headed hydra misses you.
The 12-headed hydra bites you but does no damage.
A red film seems to cover your vision as you go berserk!
You feel yourself moving faster!
You feel mighty! The 12-headed hydra bites you!
You die...

....................
P..##.#.###...P###..
#..######....#### ##.
#..##.#.###..##.#####...
...................?....
............<...........
##...##..#P.............
###...######....†.......
#.#..## #.....@D......
##...#######............
#.#....#..##.<..........
.................$......
.................../....
.##.##.......(..........
#.####..................
P...###.................
...............


You could see a 12-headed hydra.

Vanquished Creatures
  A hydra (Lair:2)
  Erica (D:8)
  2 two-headed ogres
  An unseen horror (D:10)
  Pikel (D:7)
  5 black mambas
  5 cane toads
  4 komodo dragons
  3 trolls
  A polar bear (Lair:1)
  4 blink frogs (Lair:2)
  A wraith (D:10)
  9 yaks
  A steam dragon (D:7)
  A basilisk (Lair:2)
  Edmund (D:6)
  11 water moccasins
  2 ice beasts
  2 sky beasts
  An orc warrior (D:10)
  A black bear (D:9)
  4 phantoms
  15 wolves
  5 ogres
  8 centaurs
  3 big kobolds
  6 bullfrogs
  4 scorpions
  2 wights (D:6)
  A centaur zombie (D:9)
  A quasit (D:5)
  A bullfrog zombie (D:6)
  4 hounds
  A jelly (D:7)
  2 gnoll shamans
  5 orc priests
  3 orc wizards
  Crazy Yiuf (D:2)
  3 bullfrog skeletons
  Ijyb (D:3)
  2 iguanas
  5 hell rats (Lair:2)
  5 worker ants
  2 hound skeletons
  8 gnolls
  15 adders
  2 shadow imps (D:8)
  2 white imps
  10 worms
  3 dart slugs
  6 leopard geckos
  29 orcs
  9 bats
  4 giant cockroaches
  7 goblins
  7 hobgoblins
  20 jackals
  4 quokkas
  2 ball pythons (Lair:2)
  A ball python skeleton (D:4)
  8 frilled lizards
  22 kobolds
  A leopard gecko zombie (D:6)
  A quokka skeleton (D:6)
  11 rats
314 creatures vanquished.

Vanquished Creatures (collateral kills)
  The ghost of canine the Cleaver, a journeyman GnWn of Nemelex Xobeh (D:9)
  A rime drake (Lair:2)
  A water moccasin (Lair:2)
  A centaur (D:6)
  2 wights (D:6)
6 creatures vanquished.

Vanquished Creatures (others)
  An orc wizard (D:8)
  2 jackals (D:7)
  11 fungi
  26 plants
40 creatures vanquished.

Grand Total: 360 creatures vanquished

Notes
Turn   | Place    | Note
-------+----------+-------------------------------------------
     0 | D:1      | zcampers the Minotaur Berserker began the quest for the
                  | Orb.
     0 | D:1      | Reached XP level 1. HP: 19/19 MP: 0/0
   328 | D:1      | Reached XP level 2. HP: 27/27 MP: 1/1
   605 | D:1      | Reached ** piety under Trog
   809 | D:1      | Reached XP level 3. HP: 31/33 MP: 2/2
  1529 | D:2      | Found a shimmering altar of Xom.
  1920 | D:2      | Found a radiant altar of Vehumet.
  1938 | D:2      | Reached XP level 4. HP: 32/40 MP: 3/3
  2052 | D:2      | Found a runed translucent door.
  2053 | D:2      | Noticed Crazy Yiuf
  2059 | D:2      | Killed Crazy Yiuf
  2211 | D:2      | Reached XP level 5. HP: 35/47 MP: 4/4
  2657 | D:3      | Reached *** piety under Trog
  2741 | D:3      | Noticed Ijyb
  2777 | D:3      | Killed Ijyb
  2787 | D:3      | Reached skill level 5 in Axes
  2977 | D:3      | Reached skill level 5 in Fighting
  2996 | D:3      | Reached XP level 6. HP: 37/56 MP: 5/5
  3201 | D:3      | Found a faded altar of an unknown god.
  3201 | D:3      | Found a faded altar of an unknown god.
  3206 | D:3      | Found a sparkling altar of Nemelex Xobeh.
  3208 | D:3      | Found an ornate altar of the Wu Jian Council.
  3210 | D:3      | Found an iron altar of Okawaru.
  3416 | D:3      | Found a shimmering blue altar of Sif Muna.
  3644 | D:4      | Reached skill level 1 in Polearms
  3774 | D:4      | Found a staircase to the Ecumenical Temple.
  3797 | D:4      | Noticed a +0 dagger
  3798 | D:4      | Noticed a +0 dagger
  3800 | D:4      | Found a hide-covered altar of Uskayaw.
  3930 | D:4      | Gained mutation: Your muscles are strong. (Str +2) [potion
                  | of mutation]
  3930 | D:4      | Gained mutation: You are surrounded by a mild repulsion
                  | field. (EV +2) [potion of mutation]
  3930 | D:4      | Gained mutation: You are robust. (+10% HP) [potion of
                  | mutation]
  3964 | D:4      | Reached XP level 7. HP: 67/67 MP: 6/6
  3984 | D:4      | Reached **** piety under Trog
  4005 | D:4      | Found a radiant altar of Vehumet.
  4039 | D:4      | Reached skill level 5 in Armour
  4392 | D:4      | Reached skill level 5 in Dodging
  4535 | D:5      | Entered Level 5 of the Dungeon
  4588 | D:5      | Noticed a moth of wrath
  4789 | D:5      | Reached XP level 8. HP: 78/78 MP: 7/7
  5222 | D:5      | Found a bloodstained altar of Trog.
  5561 | D:6      | Noticed Edmund
  5575 | D:6      | Killed Edmund
  5747 | D:6      | Found a shimmering blue altar of Sif Muna.
  6467 | D:7      | Noticed Pikel
  6478 | D:7      | Killed Pikel
  6479 | D:7      | Reached XP level 9. HP: 89/89 MP: 8/8
  6504 | D:7      | Found an iron altar of Okawaru.
  6625 | D:7      | Found a white marble altar of Elyvilon.
  7063 | D:7      | Found Avyaroof's Gadget Shoppe.
  7067 | D:7      | Bought a wand of digging (7) for 286 gold pieces
  7191 | D:8      | Found Cheibriados's Comfort Zone.
  7192 | D:8      | Found a snail-covered altar of Cheibriados.
  7232 | D:8      | Reached ***** piety under Trog
  7316 | D:8      | Noticed Erica
  7339 | D:8      | Killed Erica
  7653 | D:8      | Noticed a two-headed ogre
  7659 | D:8      | Killed a two-headed ogre
  7660 | D:8      | Reached XP level 10. HP: 100/100 MP: 9/9
  7798 | D:8      | Found a snail-covered altar of Cheibriados.
  7923 | D:8      | Found a sparkling altar of Nemelex Xobeh.
  8314 | D:9      | Found a large runed translucent door.
  8315 | D:9      | Found a large runed translucent door.
  8317 | D:9      | Noticed canine's ghost (journeyman GnWn)
  8336 | D:9      | Killed canine's ghost
  8337 | D:9      | Reached skill level 10 in Axes
  8350 | D:9      | Reached skill level 10 in Fighting
  8656 | D:9      | Found a basalt altar of Yredelemnul.
  8681 | D:9      | Found a stormy altar of Qazlal.
  8798 | D:9      | Found a staircase to the Lair.
  9593 | D:10     | Entered Level 10 of the Dungeon
  9641 | D:10     | Received a gift from Trog
  9645 | D:10     | Reached skill level 10 in Armour
  9647 | D:10     | Got a steaming battleaxe {god gift}
  9660 | D:10     | Identified the +9 battleaxe of Doom {vorpal, *Drain Str-4
                  | Int+8 Stlth+} (Trog gifted it to you on level 10 of the
                  | Dungeon)
  9738 | D:10     | Reached skill level 1 in Shields
  9843 | D:10     | Noticed a two-headed ogre
  9851 | D:10     | Killed a two-headed ogre
  9856 | D:10     | Killed an unseen horror
  9857 | D:10     | Reached XP level 11. HP: 83/111 MP: 10/10
 10561 | Lair:1   | Entered Level 1 of the Lair of Beasts
 10947 | Lair:1   | You fall into a shaft and drop 1 floor!
 10954 | Lair:2   | Reached skill level 10 in Dodging
 11015 | Lair:2   | Noticed a five-headed hydra
 11024 | Lair:2   | Killed a nine-headed hydra
 11406 | Lair:2   | Found a staircase to the Snake Pit.
 11617 | Lair:1   | Reached XP level 12. HP: 121/123 MP: 11/11
 11714 | Lair:1   | Received a gift from Trog
 13131 | Lair:2   | Noticed a six-headed hydra
 13142 | Lair:2   | HP: 6/123 [12-headed hydra (3)]
 13142 | Lair:2   | HP: 1/123 [12-headed hydra (5)]
 13143 | Lair:2   | Mangled by a 12-headed hydra

Illustrated notes

Levels and vault maps discovered:
D:1:      sevenhm_arrival_forest_fort_small_1, layout_loops_ring,
          hangedman_feature_mirror, minmay_pentomino_r4
D:2:      layout_basic, lemuel_crystal_altar, lemuel_altar_in_water,
          uniq_crazy_yiuf_cottage
D:3:      layout_rooms, lemuel_coloured_pillars_altar,
          chequers_temple_overflow_minitemple, minmay_starry_boxes, uniq_ijyb
D:4:      minmay_angry_zag, layout_loops_corners, kennysheep_mini_moat,
          dancing_weapons_uskayaw, minmay_temple_entry_statues_fountains
D:5:      layout_loops_ring, tgw_trog, hangedman_decor_points
D:6:      layout_basic, serial_glass, glass_columns_a, glass_columns_a,
          glass_columns_a, glass_columns_a, glass_columns_b, glass_columns_c,
          basic_altar, nicolae_zen_rock_garden, st_stairs_12, uniq_edmund
D:7:      layout_loops_ring, nicolae_overflow_crystal_walls, serial_shops, shop,
          basic_altar, uniq_pikel
D:8:      layout_basic, marbit_many_paths, serial_glass, glass_columns_b,
          glass_columns_b, glass_columns_a, glass_columns_a, glass_columns_c,
          glass_columns_b, glass_columns_b, glass_columns_a, glass_columns_a,
          glass_columns_c, minmay_shop_chei, nemelex_diamond_rough_becter,
          uniq_erica
D:9:      layout_basic, general_overflow_altar, lair_entry_dummy, basic_altar,
          serial_co_window_serial, co_window_paths_a, co_window_corner_a,
          co_window_corner_a, co_window_of_opportunity_a,
          co_window_of_opportunity_a, co_window_paths_a,
          co_window_of_opportunity_a, co_window_of_opportunity_c,
          co_window_of_opportunity_b, co_window_broadway_a, co_window_cross_2,
          co_window_sun, glass_columns_c, ebering_ghost_disaster_area,
          water_maze_lemuel
D:10:     layout_gridville
Lair:1:   layout_chaotic_city
Lair:2:   layout_long_grid, minmay_snake_entry_six_corridors,
          serial_bayou_shore_b

Skill      XL: |  1  2  3  4  5  6  7  8  9 10 11 12 |
---------------+-------------------------------------+-----
Fighting       | 4 5 6 8 9 10 11 12 | 12.2
Axes           | 4 5 6 8 9 10 11 12 | 12.3
Armour         | 3 4 5 7 9 10 11 12 | 12.0
Dodging        | 3 4 5 7 8 9 10 11 | 11.1
Polearms       | 1 2 |  2.4
Shields        | 2 4 |  4.0
Maces & Flails | |  0.2

Action                   |  1- 3 |  4- 6 |  7- 9 | 10-12 || total
-------------------------+-------+-------+-------+-------++-------
Melee: Hand axe          |    82 |    16 |    16 |       ||   114
       Headbutt          |    17 |    22 |    42 |    50 ||   131
       Spear             |       |   124 |     2 |       ||   126
       War axe           |       |       |   147 |    83 ||   230
       Halberd           |       |       |    17 |       ||    17
       Dire flail        |       |       |     2 |       ||     2
       Battleaxe         |       |       |       |   166 ||   166
Throw: Boomerang         |       |       |    12 |     1 ||    13
Invok: Berserk           |       |     3 |     4 |     3 ||    10
       Trog's Hand       |       |     2 |     7 |     4 ||    13
       Brothers in Arms  |       |       |     1 |     2 ||     3
  Use: Scroll            |     5 |     7 |     2 |     6 ||    20
       Potion            |     3 |     2 |       |     5 ||    10
 Stab: Sleeping          |     1 |       |       |       ||     1
Armor: Animal skin       |    15 |       |       |       ||    15
       Ring mail         |     6 |    36 |       |       ||    42
       Chain mail        |       |    24 |    88 |   190 ||   302
Dodge: Dodged            |    58 |    78 |   132 |   257 ||   525
